 Dungeon Crawl Stone Soup version 0.27.1-33-g824d729ab1 (webtiles) character file.

Game seed: 10836088942188426392

31 unlimited1921 the Shield-Bearer (level 3, 0/20 HPs)
             Began as a Vine Stalker Fighter on Dec 30, 2021.
             Succumbed to an adder's poison
             ... on level 1 of the Dungeon.
             The game lasted 00:03:29 (1546 turns).

unlimited1921 the Shield-Bearer (VSFi)              Turns: 1546, Time: 00:03:30

Health: 0/20       AC:  6    Str: 18    XL:     3   Next: 22%
Magic:  3/4        EV:  7    Int:  8    God:
Gold:   63         SH:  9    Dex: 14    Spells: 2/2 levels left

rFire    . . .     SeeInvis .   a - +0 long sword
rCold    . . .     Faith    .   c - +0 kite shield
rNeg     . . .     Spirit   +   b - +0 scale mail
rPois    .         Reflect  .   (no helmet)
rElec    .         Harm     .   (no cloak)
rCorr    .         Rampage  .   (no gloves)
Will     .....                  (no boots)
Stlth    ..........             (no amulet)
HPRegen  0.06/turn              (no ring)
MPRegen  0.09/turn              (no ring)

@: lethally poisoned (0 -> -5)
A: fangs 2, magic shield, antimagic bite, no potion heal 2
a: no special abilities


You were on level 1 of the Dungeon.
You visited 1 branch of the dungeon, and saw 2 of its levels.

You collected 63 gold pieces.

Inventory:

Hand Weapons
 a - a +0 long sword (weapon)
Armour
 b - a +0 scale mail (worn)
 c - a +0 kite shield (worn)
Scrolls
 e - a scroll of vulnerability {unknown}
 f - a scroll of enchant armour {unknown}
Potions
 d - 2 potions of might


   Skills:
 * Level 3.0 Fighting
 + Level 2.1 Long Blades
 + Level 2.6 Armour
 + Level 0.1 Dodging
 + Level 3.1 Shields


You had 2 spell levels left.
You didn't know any spells.
Your spell library was empty.

Dungeon Overview and Level Annotations

Branches:
Dungeon (2/15)

Altars:

Shops:
D:1 *


Innate Abilities, Weirdness & Mutations

You have extremely sharp teeth.
When hurt, damage is shared between your health and your magic reserves.
Your bite disrupts and absorbs the magic of your enemies.
Potions cannot restore your health.


Message History

You feel sick.
You feel sick.
You feel sick. The adder bites you but does no damage.
You feel sick.
You are no longer poisoned.
You block the adder's attack. You block the adder's attack.
You block the adder's attack. The adder bites you.
* * * LOW HITPOINT WARNING * * *
There is an open door here.
You block the adder's attack. The adder bites you.
* * * LOW HITPOINT WARNING * * *
Items here: ( ))) รทรท.
You block the adder's attack.
There is an open door here.
You block the adder's attack.
There is a stone staircase leading up here.
The adder bites you.
* * * LOW HITPOINT WARNING * * *
You climb upwards.
There is a stone staircase leading down here.
You block the adder's attack. The adder bites you but does no damage.
You block the adder's attack. The adder bites you but does no damage.
The adder closely misses you. The adder bites you but does no damage.
You block the adder's attack. You block the adder's attack.
The adder closely misses you.
You riposte.
You hit the adder but do no damage. You block the adder's attack.
The adder bites you.
* * * LOW HITPOINT WARNING * * *
You are lethally poisoned!
The adder poisons you!
* * * LOW HITPOINT WARNING * * *
You feel sick.
You die...

### #.# #......# #.. ..#
##'###### #......# #.. ..#
#.......# #......# ##. ..#
#.......# #......######. ..#
#.......# #......#...... ..#
#.......# ###......#.###..
..####.......#####...^#+###.###..
.................................
..............S.@................
#######.###...#####.#.#.###.#####
........# #...# #.#.#..........
......### ##### #.#.#....###...
......# ########'#.#....+.'...
......# #......)...#....###...
..##### #..........'....+.'...
..#### #.........##....###...
.....# #..........+....'.'...


You could see an adder.

Vanquished Creatures
  An orc (D:2)
  2 bats
  2 endoplasms (D:1)
  6 giant cockroaches
  4 hobgoblins
  2 quokkas
  4 frilled lizards (D:1)
  A goblin (D:1)
  4 kobolds (D:2)
26 creatures vanquished.

Notes
Turn   | Place    | Note
-------+----------+-------------------------------------------
     0 | D:1      | unlimited1921 the Vine Stalker Fighter began the quest for
                  | the Orb.
     0 | D:1      | Reached XP level 1. HP: 11/11 MP: 2/2
   277 | D:1      | Found a faded altar of an unknown god.
   284 | D:1      | Reached XP level 2. HP: 16/16 MP: 3/3
   349 | D:1      | Found Avomosedd's Assorted Antiques.
  1111 | D:2      | Reached XP level 3. HP: 13/19 MP: 4/4
  1545 | D:1      | HP: 1/20 [poisoned by an adder]
  1546 | D:1      | Succumbed to an adder's poison

Illustrated notes

Levels and vault maps discovered:
D:1:      lightli_arrival_quake, layout_basic,
          hellmonk_ecumenical_altar_pennies_from_heaven, serial_shops, shop
D:2:      layout_basic

Skill      XL: |  1  2  3 |
---------------+----------+-----
Shields        | 3 |  3.1
Long Blades    | 2 |  2.1
Fighting       | 3 |  3.0
Armour         | |  2.6
Dodging        | |  0.1

Action                   || total
-------------------------++-------
Melee: Long sword        ||    79
       Bite              ||    23
Armor: Scale mail        ||    36
Dodge: Dodged            ||    33
Block: Kite shield       ||    58
       Rpst.: Long sword ||     9
